 Dungeon Crawl Stone Soup version 0.26-a0-663-g36e8fdb655 (webtiles) character file.

Game seed: 7765427663707511926

147010 jasper the Executioner (level 16, -6/149 HPs)
             Began as a Minotaur Fighter on Oct 11, 2020.
             Was the Champion of Okawaru.
             Mangled by an alligator snapping turtle (26 damage)
             ... on level 1 of the Shoals.
             The game lasted 00:46:06 (29192 turns).

jasper the Executioner (Minotaur Fighter)          Turns: 29192, Time: 00:46:06

Health: -6/149     AC: 31    Str: 21    XL:     16   Next: 90%
Magic:  17/21      EV:  7    Int: 12    God:    Okawaru [******]
Gold:   642        SH:  0    Dex: 21    Spells: 15/15 levels left

rFire    . . .     SeeInvis +   F - +2 executioner's axe (freeze)
rCold    . . .     Faith    .   (shield currently unavailable)
rNeg     . . .     Spirit   .   a - +5 plate armour of Insecurity {Int+5 Dex+2 Stlth+}
rPois    +         Reflect  .   f - +3 crown of Dyrovepreva {rElec Int+2 SInv}
rElec    +         Harm     .   I - +0 cloak
rCorr    +         Rampage  .   S - +0 pair of gloves
MR       +....                  N - +2 pair of boots
Stlth    ..........             L - amulet of regeneration
HPRegen  0.74/turn              c - ring "Naojiraj" {rElec rCorr Dex+2 SInv Stlth+}
MPRegen  0.17/turn              K - ring of poison resistance

@: lethally poisoned (-6 -> -6), finesse
A: retaliatory headbutt, horns 2
a: Heroism, Finesse, Renounce Religion


You were on level 1 of the Shoals.
You worshipped Okawaru.
Okawaru was exalted by your worship.
You visited 6 branches of the dungeon, and saw 28 of its levels.
You also visited: Sewer.

You collected 2844 gold pieces.
You spent 2202 gold pieces at shops.

Inventory:

Hand Weapons
 b - a +4 battleaxe of flaming
 e - a +3 antimagic battleaxe
 F - a +2 executioner's axe of freezing (weapon)
Missiles
 d - 3 throwing nets
 H - 22 boomerangs (quivered)
Armour
 a - the +5 plate armour of Insecurity (worn) {Int+5 Dex+2 Stlth+}
   (Okawaru gifted it to you on level 2 of the Spider Nest)

   It affects your intelligence (+5).
   It affects your dexterity (+2).
   It makes you more stealthy.
 f - the +3 crown of Dyrovepreva (worn) {rElec Int+2 SInv}
   (You found it on level 1 of the Spider Nest)

   It affects your intelligence (+2).
   It insulates you from electricity.
   It lets you see invisible.
 k - a +2 hat
 I - a +0 cloak (worn)
 J - a scarf of invisibility
 N - a +2 pair of boots (worn)
 S - a +0 pair of gloves (worn)
 Y - the +7 chain mail of Delicate Amelioration {MP+9}
   (You found it on level 2 of the Lair of Beasts)

   It affects your magic capacity (+9).
Jewellery
 c - the ring "Naojiraj" (left hand) {rElec rCorr Dex+2 SInv Stlth+}
   (You bought it in a shop on level 2 of the Orcish Mines)

   [ring of resist corrosion]

   It affects your dexterity (+2).
   It insulates you from electricity.
   It lets you see invisible.
   It provides partial protection from all sources of acid and corrosion.
   It makes you more stealthy.
 r - the ring of Busiv {rF+ rC+ Int+3}
   (You found it on level 6 of the Lair of Beasts)

   [ring of protection from cold]

   It affects your intelligence (+3).
   It protects you from fire.
   It protects you from cold.
 D - the ring of Wisdom {*Drain rElec MR+ Str+3 Int+2}
   (You found it on level 6 of the Lair of Beasts)

   [ring of protection from magic]

   It affects your strength (+3).
   It affects your intelligence (+2).
   It insulates you from electricity.
   It affects your resistance to hostile enchantments.
   It causes draining when unequipped.
 K - a ring of poison resistance (right hand)
 L - an amulet of regeneration (around neck)
Wands
 n - a wand of polymorph (3)
 u - a wand of digging (4)
 C - a wand of paralysis (26)
 R - a wand of random effects (8)
 X - a wand of acid (1)
Scrolls
 q - 12 scrolls of remove curse
 s - 8 scrolls of enchant armour
 t - 3 scrolls of blinking
 v - 4 scrolls of teleportation
 w - 2 scrolls of torment
 y - 5 scrolls of magic mapping
 O - a scroll of fear
 P - a scroll of fog
 U - 5 scrolls of summoning
 V - 2 scrolls of immolation
Potions
 g - 2 potions of mutation
 h - 5 potions of ambrosia
 i - 12 potions of curing
 j - 2 potions of stabbing
 l - 2 potions of might
 m - 2 potions of magic
 o - 5 potions of flight
 p - 3 potions of brilliance
 x - a potion of berserk rage
 z - 2 potions of haste
 A - 2 potions of invisibility
 B - 2 potions of lignification
 E - 3 potions of heal wounds
 G - 2 potions of cancellation {unknown}
 W - 4 potions of degeneration {unknown}
Miscellaneous
 M - a box of beasts (3/3)
 Z - a lightning rod (1/4)


   Skills:
 - Level 15.1 Fighting
 - Level 23.8 Axes
 - Level 15.1 Armour
   Level 3.6 Shields
 - Level 8.0 Invocations
 + Level 8.5 Evocations


You had 15 spell levels left.
You didn't know any spells.
Your spell library contained the following spells:

 Spells                   Type           Power        Failure   Level
 Animate Skeleton         Necr           #.....       98%         1
 Apportation              Tloc           #.....       98%         1
 Corona                   Hex            #......      98%         1
 Magic Dart               Conj           #...         98%         1
 Shock                    Conj/Air       #...         98%         1
 Summon Small Mammal      Summ           #...         98%         1
 Blink                    Tloc           N/A          99%         2
 Call Imp                 Summ           #.......     99%         2
 Slow                     Hex            #.......     99%         2
 Swiftness                Air            #.......     99%         2
 Confusing Touch          Hex            #.......     100%        3
 Conjure Flame            Conj/Fire      #.......     100%        3
 Gell's Gravitas          Tloc           #.........   100%        3
 Mephitic Cloud           Conj/Pois/Air  #.......     100%        3
 Static Discharge         Conj/Air       #.......     100%        3
 Airstrike                Air            #.........   100%        4
 Petrify                  Tmut/Erth      #.......     100%        4
 Lightning Bolt           Conj/Air       #.........   100%        5
 Metabolic Englaciation   Hex/Ice        #.........   100%        5
 Yara's Violent Unravell  Hex/Tmut       #.........   100%        5


Dungeon Overview and Level Annotations

Branches:
Dungeon (15/15)            Temple (1/1) D:4            Lair (6/6) D:10
 Shoals (1/4) Lair:4       Spider (3/4) Lair:3          Orc (2/2) D:9
    Elf (0/3) Orc:2        Vaults (0/5) D:14         Depths (0/5) D:15
  Sewer (visited)
  Slime: Lair:5-6

Altars:
Ashenzari
Cheibriados
Dithmenos
Elyvilon
Fedhas
Gozag
Kikubaaqudgha
Nemelex Xobeh
Okawaru
Qazlal
Ru
Sif Muna
Uskayaw
Vehumet
Zin
The Shining One
Beogh

Shops:
D:14 ?   Orc:2 ([=[=

Annotations:
D:7 1 transporter, kmckee's ghost, novice HOFi
Lair:3 exclusion: oklob plant
Lair:6 3 runed translucent doors, Wostir's ghost, journeyman TeMo
Spider:3 Arachne


Innate Abilities, Weirdness & Mutations

You reflexively headbutt those who attack you in melee.
You have a pair of horns on your head.


Message History

You take 3 damage, and have 27/149 hp.
You feel sick.
The merfolk siren shouts!
The merfolk hits you but does no damage.
The merfolk siren chants a haunting song.
You resist with some effort.
The merfolk hits you from afar with a +1 trident of venom.
* * * LOW HITPOINT WARNING * * *
The merfolk hits you from afar with a +0 trident of venom.
* * * LOW HITPOINT WARNING * * *
The merfolk hits you but does no damage.
The merfolk barely misses you. You furiously retaliate!
You headbutt the merfolk!
You take 8 damage, and have 19/149 hp.
Unknown command.
Unknown command.
Press: ? - help, Dir - move target cursor
As you read the scroll of blinking, it crumbles to dust.
The alligator snapping turtle bites you from afar!!
You die...

..{{{........{....{{{{
#..{{..............{{{{
..{{......###.)....{{{{
{{{{...{..###.(...{{{{{
{{..{{{)...mmm.$..{{{{{
.....{{).†mmm.....m{{{{
{......t...§........{{{
........(...###.......{
..{....@....# #........
{{{{{{{......# .#.....
{{{{{{{.=.....####...
{{{.........### #..
.{{{........#
.............#
........###...#
..#.....# ...#


You could see an alligator snapping turtle, a merfolk impaler and 5 merfolk.

Vanquished Creatures
  Jorgrun (D:15)
  An emperor scorpion (Spider:2)
  A stone giant (Orc:2)
  An entropy weaver (Spider:2)
  A dire elephant (Lair:6)
  Azrael (Orc:2)
  Josephine (Orc:2)
  An ettin (D:9)
  A yaktaur captain (D:15)
  A fire dragon (Lair:6)
  7 boulder beetles
  A vault guard (D:14)
  11 hydras
  Fannar (Lair:1)
  5 centaur warriors
  A catoblepas (D:9)
  5 ogre magi
  26 two-headed ogres
  A tengu warrior (D:14)
  8 death yaks
  2 sea snakes (Lair:4)
  A swamp dragon (Lair:6)
  10 orb spiders
  16 wolf spiders
  2 manticores
  4 ugly things
  A deep elf mage (D:13)
  2 cyclopes
  19 elephants
  A merfolk siren (Lair:4)
  Joseph (D:7)
  6 black mambas
  A gargoyle (D:11)
  19 cane toads
  3 torpor snails
  5 kobold demonologists
  A yaktaur (D:15)
  3 komodo dragons
  8 demonic crawlers
  A freezing wraith (D:14)
  4 rime drakes
  4 merfolk (Shoals:1)
  21 jumping spiders
  4 meliai
  A queen bee (Spider:1)
  A tengu conjurer (D:14)
  9 trolls
  10 slime creatures
  2 wind drakes (Shoals:1)
  11 polar bears
  3 hornets
  3 raiju (Lair:6)
  A snapping turtle (Shoals:1)
  19 blink frogs
  9 dream sheep (Lair:6)
  27 redbacks
  3 wyverns
  5 wraiths (Orc:2)
  A human (D:8)
  3 shadows
  3 hogs (D:8)
  25 tarantellas
  31 yaks
  3 fire elementals (Orc:2)
  Grum (D:7)
  4 basilisks
  6 vampire mosquitoes
  2 steam dragons (Lair:6)
  21 water moccasins
  4 wargs (Lair:6)
  3 acid dragons
  10 orc warriors
  A sky beast (D:12)
  18 hell hounds
  5 phantoms
  4 ice beasts
  A necrophage (D:12)
  21 wolves
  13 black bears
  36 ogres
  22 centaurs
  7 big kobolds
  21 bullfrogs
  A wyvern skeleton (D:12)
  10 scorpions
  11 killer bees (Spider:1)
  19 wights
  7 electric eels
  5 centaur zombies
  2 bullfrog zombies
  4 quasits
  10 orc priests
  6 jellies
  A gnoll shaman (D:7)
  6 hounds
  A bullfrog skeleton (D:9)
  4 centaur skeletons
  14 orc wizards
  Natasha (thrice) (D:3)
  10 iguanas
  4 worker ants
  7 hell rats
  A killer bee zombie (D:10)
  3 big kobold zombies (Sewer)
  A hound zombie (D:5)
  2 hound skeletons (D:4)
  8 gnolls
  15 adders
  5 river rats
  4 shadow imps
  A white imp (D:8)
  6 ufetubi
  8 oozes
  2 adder skeletons (D:4)
  2 worms (D:2)
  A dart slug (D:2)
  5 leopard geckos
  53 orcs
  3 ball pythons
  5 giant cockroaches
  6 goblins
  4 hobgoblins
  11 jackals
  A quokka (D:12)
  7 bats
  3 frilled lizards
  A giant cockroach zombie (Sewer)
  2 jackal skeletons
  24 kobolds
  2 kobold zombies (Sewer)
  A leopard gecko skeleton (D:3)
  A quokka zombie (D:5)
  16 rats
914 creatures vanquished.

Vanquished Creatures (others)
  Maurice (D:10)
  An adder zombie (Sewer)
  A kobold zombie (Sewer)
  40 fungi
  86 plants
129 creatures vanquished.

Grand Total: 1043 creatures vanquished

Notes
Turn   | Place    | Note
-------+----------+-------------------------------------------
     0 | D:1      | jasper the Minotaur Fighter began the quest for the Orb.
     0 | D:1      | Reached XP level 1. HP: 19/19 MP: 0/0
    78 | D:1      | Reached skill level 3 in Axes
    78 | D:1      | Reached XP level 2. HP: 24/27 MP: 1/1
   624 | D:2      | Reached XP level 3. HP: 29/33 MP: 2/2
   820 | D:2      | Reached skill level 4 in Axes
  1032 | D:2      | Reached XP level 4. HP: 41/41 MP: 3/3
  1139 | D:2      | Found an ancient bone altar of Kikubaaqudgha.
  1146 | D:2      | Found a broken altar of Ashenzari.
  1837 | D:3      | Noticed Natasha
  1845 | D:3      | Killed Natasha
  1845 | D:3      | Reached XP level 5. HP: 33/47 MP: 4/4
  1997 | D:3      | Found a glowing drain.
  1999 | D:3      | Reached skill level 5 in Axes
  2016 | D:3      | Noticed Natasha
  2024 | D:3      | Killed Natasha
  2027 | D:3      | Noticed Natasha
  2038 | D:3      | Killed Natasha
  2038 | D:3      | Reached skill level 5 in Fighting
  2156 | Sewer    | Entered a sewer
  2256 | Sewer    | Reached skill level 5 in Armour
  2286 | Sewer    | Reached XP level 6. HP: 42/56 MP: 5/5
  2319 | Sewer    | Reached skill level 6 in Axes
  2421 | Sewer    | Found a burning altar of Makhleb.
  2600 | Sewer    | Noticed Grinder
  2602 | Sewer    | Paralysed by Grinder for 5 turns
  3217 | D:4      | Reached XP level 7. HP: 52/62 MP: 6/6
  3316 | D:4      | Reached skill level 7 in Axes
  3353 | D:4      | Found a staircase to the Ecumenical Temple.
  3364 | Temple   | Entered the Ecumenical Temple
  3374 | Temple   | Became a worshipper of Warmaster Okawaru
  3825 | D:5      | Entered Level 5 of the Dungeon
  3842 | D:5      | Reached * piety under Okawaru
  3856 | D:5      | Reached skill level 8 in Axes
  3894 | D:5      | Reached XP level 8. HP: 64/71 MP: 7/7
  4361 | D:6      | Noticed a hornet
  4512 | D:7      | Noticed a +0 dagger
  4512 | D:7      | Noticed a +0 hand axe
  4513 | D:7      | Found a hide-covered altar of Uskayaw.
  4559 | D:7      | Noticed Grum
  4599 | D:7      | Reached skill level 9 in Axes
  4623 | D:7      | Found a transporter.
  4624 | D:7      | Identified the +7 spear "Mikkim" {venom, rPois Int+5 Dex+2
                  | Stlth-}
  4631 | D:7      | Noticed kmckee's ghost (novice HOFi)
  4840 | D:7      | Found a transporter.
  4863 | D:7      | Reached ** piety under Okawaru
  5183 | D:7      | Noticed Joseph
  5204 | D:7      | Killed Joseph
  5204 | D:7      | Reached skill level 10 in Axes
  5610 | D:7      | Reached XP level 9. HP: 81/81 MP: 8/8
  5615 | D:7      | Killed Grum
  5825 | D:8      | Reached *** piety under Okawaru
  6045 | D:8      | Found an iron altar of Okawaru.
  6046 | D:8      | You fall into a shaft and drop 2 floors!
  6046 | D:10     | Entered Level 10 of the Dungeon
  6123 | D:10     | Noticed Maurice
  6137 | D:10     | Killed Maurice
  6137 | D:10     | Reached skill level 11 in Axes
  6176 | D:10     | Noticed a purple ugly thing
  6349 | D:10     | Paralysed by a hornet for 1 turns
  6351 | D:10     | Reached skill level 12 in Axes
  6586 | D:9      | Noticed a troll
  6590 | D:9      | Killed a troll
  6590 | D:9      | Reached XP level 10. HP: 91/91 MP: 6/9
  6735 | D:9      | Reached **** piety under Okawaru
  6887 | D:8      | Noticed a two-headed ogre
  6901 | D:8      | Killed a two-headed ogre
  7204 | D:8      | Reached skill level 10 in Fighting
  7210 | D:8      | Reached skill level 13 in Axes
  7210 | D:8      | Reached skill level 10 in Armour
  7626 | D:9      | Found a staircase to the Orcish Mines.
  7690 | D:9      | Noticed a two-headed ogre
  7698 | D:9      | Killed a two-headed ogre
  7981 | D:9      | Reached ***** piety under Okawaru
  7997 | D:9      | Noticed a two-headed ogre
  8004 | D:9      | Killed a two-headed ogre
  8004 | D:9      | Received a gift from Okawaru
  8064 | D:9      | Reached XP level 11. HP: 99/101 MP: 7/10
  8065 | D:9      | Reached skill level 14 in Axes
  8079 | D:9      | Noticed a catoblepas
  8095 | D:9      | Killed a catoblepas
  8104 | D:9      | Got an ancient scale mail
  8115 | D:9      | Identified the +4 scale mail of Vega {Dex+5} (You found it
                  | on level 9 of the Dungeon)
  8477 | D:10     | Found a staircase to the Lair.
  8555 | D:10     | Killed a purple ugly thing
  9080 | D:11     | Noticed a cyan ugly thing
  9087 | D:11     | Killed a cyan ugly thing
  9087 | D:11     | Received a gift from Okawaru
  9114 | D:11     | Noticed an eight-headed hydra
  9210 | D:11     | Noticed a six-headed hydra
  9223 | D:10     | Reached skill level 15 in Axes
  9251 | Lair:1   | Entered Level 1 of the Lair of Beasts
  9460 | Lair:1   | Noticed Fannar
  9488 | Lair:1   | Killed Fannar
 10101 | Lair:2   | Noticed a seven-headed hydra
 10115 | Lair:2   | Noticed a boulder beetle
 10116 | Lair:2   | Killed a seven-headed hydra
 10135 | Lair:2   | Killed a boulder beetle
 10135 | Lair:2   | Reached ****** piety under Okawaru
 10135 | Lair:2   | Reached XP level 12. HP: 58/112 MP: 11/11
 10430 | Lair:2   | Received a gift from Okawaru
 10451 | Lair:2   | Noticed a five-headed hydra
 10460 | Lair:2   | Killed a five-headed hydra
 10504 | Lair:2   | Reached skill level 16 in Axes
 10701 | Lair:2   | Reached skill level 1 in Invocations
 10975 | Lair:2   | Noticed a seven-headed hydra
 11010 | Lair:2   | Killed a seven-headed hydra
 11319 | Lair:2   | Got a fine chain mail
 11330 | Lair:2   | Identified the +7 chain mail of Delicate Amelioration
                  | {MP+9} (You found it on level 2 of the Lair of Beasts)
 11945 | Lair:3   | Noticed an eight-headed hydra
 11955 | Lair:3   | Killed an eight-headed hydra
 12218 | Lair:3   | Reached skill level 5 in Invocations
 12399 | Lair:3   | Found a hole to the Spider Nest.
 12551 | Lair:3   | Noticed an eight-headed hydra
 12568 | Lair:3   | Killed an eight-headed hydra
 12568 | Lair:3   | Received a gift from Okawaru
 13731 | Lair:4   | Reached XP level 13. HP: 106/122 MP: 17/17
 14234 | Lair:4   | Found a staircase to the Shoals.
 14554 | Lair:5   | Received a gift from Okawaru
 14569 | Lair:5   | Got a faintly glowing scale mail {god gift}
 14580 | Lair:5   | Identified the +6 scale mail of Huabammaph {rCorr Str+8
                  | Dex-2 Slay-3} (Okawaru gifted it to you on level 5 of the
                  | Lair of Beasts)
 15082 | Lair:6   | Entered Level 6 of the Lair of Beasts
 15290 | Orc:1    | Entered Level 1 of the Orcish Mines
 15293 | Orc:1    | Noticed an ettin
 15308 | D:9      | Killed an ettin
 15529 | Orc:2    | Entered Level 2 of the Orcish Mines
 15529 | Orc:2    | Found a staircase to the Elven Halls.
 15864 | Orc:2    | Found Nepualedd's Antique Weapon Boutique.
 15937 | Orc:2    | Found a roughly hewn altar of Beogh.
 16188 | Orc:2    | Noticed Josephine
 16211 | Orc:2    | Killed Josephine
 16602 | Orc:2    | Reached skill level 15 in Fighting
 16606 | Orc:2    | Reached skill level 15 in Armour
 16607 | Orc:2    | Received a gift from Okawaru
 17271 | Orc:2    | Reached XP level 14. HP: 119/135 MP: 7/19
 17298 | Orc:2    | Noticed a stone giant
 17312 | Orc:2    | Killed a stone giant
 17312 | Orc:2    | Reached skill level 17 in Axes
 17731 | Orc:2    | Found Tuxkunirr's Antique Armour Shoppe.
 17731 | Orc:2    | Found Fofionlu's Jewellery Boutique.
 17732 | Orc:2    | Found Dapler's Antique Armour Boutique.
 17732 | Orc:2    | Found Unaejeh's Jewellery Emporium.
 17751 | Orc:2    | Bought the ring "Naojiraj" {rElec rCorr Dex+2 SInv Stlth+}
                  | for 813 gold pieces
 17751 | Orc:2    | Bought an uncursed amulet of regeneration for 540 gold
                  | pieces
 17755 | Orc:2    | Bought a pair of embroidered boots for 255 gold pieces
 17877 | Orc:2    | Noticed Azrael
 17895 | Orc:2    | Killed Azrael
 18233 | D:11     | Received a gift from Okawaru
 18620 | D:11     | Reached skill level 18 in Axes
 20037 | Lair:6   | Reached skill level 19 in Axes
 20132 | Lair:6   | Found a runed translucent gate.
 20132 | Lair:6   | Found a runed translucent gate.
 20132 | Lair:6   | Found a runed translucent gate.
 20132 | Lair:6   | Noticed Wostir's ghost (journeyman TeMo)
 20858 | Lair:6   | Reached skill level 20 in Axes
 21165 | Lair:6   | Reached XP level 15. HP: 103/141 MP: 20/20
 21484 | Lair:6   | Received a gift from Okawaru
 21518 | Lair:6   | Got a brightly glowing glass ring
 21547 | Lair:6   | Reached skill level 21 in Axes
 21631 | Lair:6   | Got a scorched lead ring
 22197 | Lair:6   | Identified the ring of Busiv {rF+ rC+ Int+3} (You found it
                  | on level 6 of the Lair of Beasts)
 22199 | Lair:6   | Identified the ring of Wisdom {*Drain rElec MR+ Str+3
                  | Int+2} (You found it on level 6 of the Lair of Beasts)
 23245 | D:13     | Received a gift from Okawaru
 23323 | D:13     | Identified a scroll of acquirement
 23323 | D:13     | Acquired a +3 antimagic battleaxe
 23388 | D:13     | Reached skill level 22 in Axes
 23922 | D:14     | Found a sacrificial altar of Ru.
 24067 | D:14     | Found Oxzan's Magic Scroll Boutique.
 24082 | D:14     | Bought a scroll of acquirement for 572 gold pieces
 24082 | D:14     | Bought a scroll of fog for 22 gold pieces
 24082 | D:14     | Acquired a scarf of invisibility
 24577 | D:14     | Found a gate to the Vaults.
 24745 | D:15     | Entered Level 15 of the Dungeon
 24830 | D:15     | Noticed Jorgrun
 24856 | D:15     | Killed Jorgrun
 24856 | D:15     | Reached skill level 23 in Axes
 24856 | D:15     | Reached XP level 16. HP: 148/149 MP: 10/21
 25741 | D:15     | Found a staircase to the Depths.
 26049 | Spider:1 | Entered Level 1 of the Spider Nest
 26745 | Spider:1 | Reached skill level 1 in Evocations
 26864 | Spider:1 | Found the +3 crown of Dyrovepreva {rElec Int+2 SInv}
 27117 | Spider:1 | Received a gift from Okawaru
 27796 | Spider:2 | Reached skill level 5 in Evocations
 28393 | Spider:2 | Received a gift from Okawaru
 28519 | Spider:3 | Noticed Arachne
 28567 | Spider:2 | Got an ichor-stained plate armour {god gift}
 28578 | Spider:2 | Identified the +5 plate armour of Insecurity {Int+5 Dex+2
                  | Stlth+} (Okawaru gifted it to you on level 2 of the Spider
                  | Nest)
 29089 | Shoals:1 | Entered Level 1 of the Shoals
 29192 | Shoals:1 | Mangled by an alligator snapping turtle

Illustrated notes

Levels and vault maps discovered:
D:1:      elethiomel_arrival_quiet, layout_rooms, minivault_26,
          minmay_octomino_j4
D:2:      layout_loops_ring, amethyst_overflow_temple_binary,
          minmay_indecisive_spiral
D:3:      layout_basic, portal_sewer_entry_a, uniq_natasha
D:4:      layout_basic, minmay_temple_entry_glass, minmay_misc_feat_diagonals,
          minmay_three_crescents
D:5:      layout_cave_pools
D:6:      layout_gridville, old_standard_altar, overflow_temple_1_default,
          lemuel_crystal_altar, serial_glass, glass_columns_a, glass_columns_c
D:7:      lemuel_upstairs_altar, layout_basic, dancing_weapons_uskayaw,
          gammafunk_ghost_gnarly_gnolls, uniq_joseph
D:8:      layout_cave_pools, grunt_livestock, okawaru_metal_pillars_1_2
D:9:      minmay_slanted_spiral_squares, layout_loops_ring,
          hangedman_decor_points
D:10:     layout_cave_pools, grunt_lair_entry_orc_guard_hut, uniq_maurice
D:11:     layout_basic
D:12:     layout_basic, hangedman_parallel_progression
D:13:     layout_cave_pools
D:14:     layout_long_grid, david_vaults_5, nicolae_ru_path_of_blood,
          serial_shops, nicolae_shop_stone
D:15:     grunt_enter_depths_snipers, layout_basic, grunt_decor_arrowhead,
          uniq_jorgrun
Temple:   nicolae_temple_x_marks_the_god
Lair:1:   layout_layer_cave, uniq_fannar
Lair:2:   layout_chaotic_city, chequers_serial_rivers_room_a, grunt_megastairs_1
Lair:3:   layout_loops_ring, spider_nest_entry_funnel_web,
          infiniplex_staircase_pool, minmay_lair_oklob_chamber
Lair:4:   layout_cave_pods, minmay_shoals_entry_lonely_mermaid,
          lemuel_fruit_fields
Lair:5:   layout_misc_corridors, dpeg_slime_entry_corner,
          nicolae_quartered_pool_super
Lair:6:   hangedman_lair_caniforms_friends, layout_cave_pods,
          guppyfry_lair_end_dragon, ebering_ghost_rock_garden
Shoals:1: layout_shoals, uniq_louise
Spider:1: nicolae_spider_mines_1, nicolae_looking_at_the_future
Spider:2: layout_spider_delve
Spider:3: layout_spider_delve, gammafunk_ghost_necromancy, drop_trap,
          einodemon_crawler_minivault, uniq_arachne
Orc:1:    layout_diamond_mine
Orc:2:    st_orc_ogre_mass, layout_diamond_mine, serial_shops, shop,
          basic_altar, nicolae_orc_sculptors_studio, uniq_azrael, uniq_josephine

Skill      XL: |  1  2  3  4  5  6  7  8  9 10 11 12 13 14 15 16 |
---------------+-------------------------------------------------+-----
Axes           | 3 4 5 6 8 10 12 13 15 16 20 23 | 23.8
Armour         | 4 5 6 7 9 10 12 13 15 | 15.1
Fighting       | 4 5 6 7 9 10 12 13 15 | 15.1
Invocations    | 6 8 |  8.0
Evocations     | 8 |  8.5
Shields        | |  3.6

Action                   |  1- 3 |  4- 6 |  7- 9 | 10-12 | 13-15 | 16-18 || total
-------------------------+-------+-------+-------+-------+-------+-------++-------
Melee: War axe           |    81 |   148 |   216 |   491 |   218 |       ||  1154
       Headbutt          |     7 |    27 |    39 |   135 |   272 |    88 ||   568
       Executioner's axe |       |       |       |       |   802 |   335 ||  1137
       Battleaxe         |       |       |       |       |    16 |       ||    16
 Fire: Fustibalus        |       |       |       |    46 |       |       ||    46
Throw: Dart              |     6 |     8 |    13 |    20 |     1 |       ||    48
       Boomerang         |       |       |       |       |     6 |    16 ||    22
Invok: Heroism           |       |       |     6 |    18 |    23 |     6 ||    53
       Finesse           |       |       |       |     2 |    14 |     2 ||    18
Evoke: Wand              |       |       |       |     8 |    12 |    29 ||    49
       Lightning rod     |       |       |       |       |     4 |     8 ||    12
  Use: Potion            |       |     2 |     6 |     1 |     3 |       ||    12
       Scroll            |       |       |     6 |    13 |    10 |     7 ||    36
 Stab: Petrified         |       |       |       |     2 |       |       ||     2
Armor: Scale mail        |    37 |   131 |    67 |    89 |       |       ||   324
       Chain mail        |       |       |     3 |   162 |   833 |   435 ||  1433
       Plate armour      |       |       |       |       |       |   105 ||   105
Dodge: Dodged            |    20 |    85 |    57 |   121 |   458 |   290 ||  1031
Block: Kite shield       |    42 |   107 |    99 |   249 |    95 |       ||   592

Table legend: (Time is in decaauts)
 A = Elapsed time spent in this place.
 B = Non-inter-level travel time spent in this place.
 C = Inter-level travel time spent in this place.
 D = Time resting spent in this place.
 E = Time spent auto-exploring this place.
 F = Levels seen in this place.
 G = Mean time per level.
                   A        B        C        D        E       F      G
               +--------+--------+--------+--------+--------+-----+--------+
         Total |  29043 |  27687 |   1356 |   4124 |  18626 |  29 | 1001.5 |
       Dungeon |  14360 |  13787 |    573 |   1221 |  10191 |  15 |  957.3 |
        Temple |     18 |     11 |      7 |      0 |      0 |   1 |   18.0 |
          Lair |   9074 |   8511 |    563 |   1050 |   6123 |   6 | 1512.3 |
        Shoals |     28 |     28 |      0 |      0 |      0 |   1 |   28.0 |
   Spider Nest |   2502 |   2344 |    158 |    908 |    813 |   3 |  834.0 |
  Orcish Mines |   2575 |   2522 |     53 |    945 |   1168 |   2 | 1287.5 |
         Sewer |    484 |    484 |      0 |      0 |    330 |   1 |  484.0 |
               +--------+--------+--------+--------+--------+-----+--------+

Top non-repeatable levels by time:
  Lair:6: 2227 daAuts
  Lair:3: 1836 daAuts
  Lair:2: 1700 daAuts
   Orc:1: 1587 daAuts
     D:9: 1515 daAuts
     D:7: 1383 daAuts
    D:12: 1348 daAuts
Spider:2: 1330 daAuts
    D:11: 1249 daAuts
    D:10: 1238 daAuts
  Lair:4: 1176 daAuts
  Lair:1: 1173 daAuts
    D:15: 1134 daAuts
Spider:1: 1033 daAuts
   Orc:2: 987 daAuts
